 Dungeon Crawl Stone Soup version 0.25-a0-277-g7046ed1b37 (webtiles) character file.

Game seed: 10214866864965267210, levelgen mode: deterministic

2419 MoonlitKnight the Carver (level 9, -8/81 HPs)
             Began as a Minotaur Berserker on Dec 9, 2019.
             Was an Elder of Trog.
             Mangled by a seven-headed hydra (10 damage)
             ... on level 8 of the Dungeon.
             The game lasted 00:14:51 (6594 turns).

MoonlitKnight the Carver (Minotaur Berserker)       Turns: 6594, Time: 00:14:51

Health: -8/81      AC: 14    Str: 25    XL:     9   Next: 24%
Magic:  8/8        EV:  9    Int:  4    God:    Trog [****..]
Gold:   291        SH:  4    Dex: 10    Spells: 8/8 levels left

rFire    . . .     SeeInvis .   a - +0 falchion
rCold    . . .     Gourm    .   G - +0 buckler
rNeg     + . .     Faith    .   r - +1 chain mail
rPois    .         Spirit   .   (helmet restricted)
rElec    .         Reflect  .   F - +0 cloak
rCorr    .         Harm     .   u - +0 pair of gloves
MR       ++...                  (no boots)
Stlth    ..........             (no amulet)
HPRegen  1.23/turn              j - ring of positive energy
MPRegen  0.11/turn              s - ring of stealth

@: berserk cooldown, regenerating, slowed, very slow
A: retaliatory headbutt, horns 2
a: Berserk, Trog's Hand, Brothers in Arms, Renounce Religion


You were on level 8 of the Dungeon.
You worshipped Trog.
Trog was greatly pleased with you.
You were near starving.

You visited 1 branch of the dungeon, and saw 8 of its levels.

You collected 291 gold pieces.

Inventory:

Hand Weapons
 a - a +0 falchion (weapon)
 b - a +0 hunting sling
Missiles
 k - 59 sling bullets
 z - 17 poisoned darts (quivered)
Armour
 o - a +0 animal skin
 p - a +0 ring mail
 r - a +1 chain mail (worn)
 u - a +0 pair of gloves (worn)
 F - a +0 cloak (worn)
 G - a +0 buckler (worn)
Jewellery
 j - a ring of positive energy (left hand)
 s - a ring of stealth (right hand)
 y - an uncursed ring of wizardry
 E - a cursed ring of teleportation {unknown}
 K - an uncursed amulet of guardian spirit {unknown}
 M - an uncursed amulet of regeneration {unknown}
Wands
 v - a wand of acid (14)
 w - a wand of iceblast (10)
 D - a wand of polymorph (7)
Scrolls
 f - 3 scrolls of teleportation
 g - 5 scrolls of enchant armour
 h - a scroll of identify
 i - 5 scrolls of remove curse
 l - 2 scrolls of fear {unknown}
 n - 2 scrolls of enchant weapon {unknown}
 x - a scroll of summoning {unknown}
 B - 2 scrolls of magic mapping
 H - a scroll of immolation {unknown}
Potions
 d - a potion of heal wounds
 e - a potion of ambrosia
 m - 3 potions of brilliance
 q - a potion of flight
 t - a potion of might {unknown}
 A - a potion of agility
 C - 2 potions of lignification {unknown}
 I - a potion of curing {unknown}
 J - a potion of haste {unknown}
Comestibles
 c - 22 rations


   Skills:
 + Level 8.1 Fighting
 * Level 10.7 Long Blades
 + Level 7.6 Armour
 - Level 2.1 Dodging
 + Level 3.3 Shields


You had 8 spell levels left.
You didn't know any spells.
Your spell library was empty.

Dungeon Overview and Level Annotations

Branches:
Dungeon (8/15)             Temple (0/1) D:4
   Lair: D:8-11

Altars:
Ashenzari
Cheibriados
Fedhas
Gozag
Makhleb
Nemelex Xobeh
Ru
Trog
Vehumet
Xom

Annotations:
D:3 1 runed translucent door, peterlawrence's ghost, amateur MiFi


Innate Abilities, Weirdness & Mutations

You reflexively headbutt those who attack you in melee.
You have a pair of horns on your head.


Message History

You hit the plant but do no damage.
You headbutt the plant, but do no damage.
The big kobold throws a stone.
The stone barely misses you.
The stone hits the plant but does no damage.
The seven-headed hydra bites you.
* * * LOW HITPOINT WARNING * * *
The seven-headed hydra closely misses you.
The seven-headed hydra bites you.
* * * LOW HITPOINT WARNING * * *
The seven-headed hydra closely misses you.
The seven-headed hydra completely misses you.
The seven-headed hydra bites you.
* * * LOW HITPOINT WARNING * * *
The seven-headed hydra bites you but does no damage.
You slash the plant!
The plant is lightly damaged.
The seven-headed hydra bites you.
* * * LOW HITPOINT WARNING * * *
The seven-headed hydra bites you!
You die...

########## #.) #.)+.P≈PP#
#.# #%.#≈≈≈≈P# #.#
#'##P≈P.≈#### #.#
#(.#.....#..# #.# .##.#.
#..K....≈..># #.# . ....
#..'D@P..##.# #.# . #..#
#..'....≈##.####.##### .
#..#
#.##..#.....##.##........ .
#..##
#.###########)......##### .
#...# #.#.# #.#.#÷#.##.###
#
.##...###.#.####.#.#.#.##.#
#
......<...#..........#.##.#
###
......)............###.##.#
#.. .....)).#.#.####.###
#.##.## #.#


You could see a seven-headed hydra and a big kobold.

Vanquished Creatures
  2 dream sheep (D:8)
  2 yaks (D:8)
  An orc warrior (D:8)
  A phantom (D:8)
  A centaur (D:6)
  3 ogres
  2 big kobolds (D:8)
  Blork the orc (D:5)
  2 bullfrogs
  A crimson imp (D:6)
  A bullfrog zombie (D:5)
  5 orc priests
  A hound (D:4)
  3 jellies
  6 orc wizards
  2 iguanas
  Jessica (D:2)
  4 worker ants
  6 gnolls (D:2)
  5 adders
  A shadow imp (D:6)
  3 worms
  2 dart slugs
  4 leopard geckos
  27 orcs
  7 ball pythons
  5 giant cockroaches
  12 goblins
  8 hobgoblins
  5 jackals
  2 quokkas
  9 bats
  4 frilled lizards
  A jackal skeleton (D:4)
  8 kobolds
  A quokka skeleton (D:7)
  6 rats
155 creatures vanquished.

Notes
Turn   | Place    | Note
-------+----------+-------------------------------------------
     0 | D:1      | MoonlitKnight the Minotaur Berserker began the quest for
                  | the Orb.
     0 | D:1      | Reached XP level 1. HP: 19/19 MP: 0/0
   128 | D:1      | Reached skill level 4 in Long Blades
   128 | D:1      | Reached XP level 2. HP: 20/27 MP: 1/1
   508 | D:1      | Reached ** piety under Trog
   744 | D:1      | Reached XP level 3. HP: 33/33 MP: 2/2
  1068 | D:2      | Reached XP level 4. HP: 17/40 MP: 3/3
  1073 | D:2      | HP: 2/40 [gnoll/+0 flail (6)]
  1074 | D:2      | Reached skill level 5 in Long Blades
  1782 | D:2      | Noticed Jessica
  1784 | D:2      | Reached *** piety under Trog
  1787 | D:2      | Killed Jessica
  1787 | D:2      | Reached XP level 5. HP: 46/47 MP: 4/4
  2019 | D:3      | Found a runed translucent door.
  2019 | D:3      | Noticed peterlawrence's ghost (amateur MiFi)
  2289 | D:3      | Found a blossoming altar of Fedhas.
  2438 | D:3      | Reached skill level 6 in Long Blades
  2561 | D:3      | You fall into a shaft and drop 2 floors!
  2561 | D:5      | Entered Level 5 of the Dungeon
  2595 | D:5      | Reached skill level 5 in Fighting
  2595 | D:5      | Reached XP level 6. HP: 42/56 MP: 5/5
  3065 | D:4      | Reached skill level 7 in Long Blades
  3074 | D:4      | Reached **** piety under Trog
  3226 | D:4      | Found an opulent altar of Gozag.
  3433 | D:4      | Reached skill level 5 in Armour
  3433 | D:4      | Reached XP level 7. HP: 52/62 MP: 6/6
  3785 | D:4      | Found a shimmering altar of Xom.
  3789 | D:4      | Found a shattered altar of Ashenzari.
  3789 | D:4      | Found a bloodstained altar of Trog.
  3789 | D:4      | Found a sparkling altar of Nemelex Xobeh.
  3791 | D:4      | Found a sacrificial altar of Ru.
  4054 | D:4      | Found a staircase to the Ecumenical Temple.
  4073 | D:4      | Reached skill level 8 in Long Blades
  4253 | D:5      | Found a burning altar of Makhleb.
  4467 | D:5      | Noticed Blork the orc
  4482 | D:5      | Killed Blork the orc
  4738 | D:6      | Reached XP level 8. HP: 63/71 MP: 7/7
  5151 | D:6      | Reached skill level 9 in Long Blades
  5644 | D:7      | Found a radiant altar of Vehumet.
  5787 | D:7      | Found a snail-covered altar of Cheibriados.
  6135 | D:8      | Reached skill level 1 in Shields
  6165 | D:8      | Reached skill level 10 in Long Blades
  6259 | D:8      | Noticed a dream sheep
  6260 | D:8      | Noticed a dream sheep
  6277 | D:8      | Killed a dream sheep
  6282 | D:8      | Killed a dream sheep
  6282 | D:8      | Reached XP level 9. HP: 81/81 MP: 8/8
  6576 | D:8      | Noticed a two-headed hydra
  6593 | D:8      | HP: 2/81 [seven-headed hydra (3)]
  6594 | D:8      | Mangled by a seven-headed hydra

Levels and vault maps discovered:
D:1:      psy_arrival_conway, layout_basic, minmay_tiny_reverse_x
D:2:      layout_basic, minmay_heptomino_d4, uniq_jessica
D:3:      layout_basic, overflow_temple_1_default,
          hellmonk_ghost_happy_afterlife, mrwooster_statue_mirror,
          palyth_stone_intersect
D:4:      layout_basic, lemuel_crystal_altar, minitemple,
          minmay_temple_entry_nine_rooms, first_ration
D:5:      layout_basic, basic_altar, uniq_blork_the_orc
D:6:      layout_basic
D:7:      layout_cave_pools, lemuel_doored_altar, basic_altar
D:8:      cheibrodos_quashed, layout_loops_ring, david_lair_generic,
          hellmonk_ghost_happy_afterlife, hangedman_ranch
          [blue_anna_fruit_fields]

Skill      XL: |  1  2  3  4  5  6  7  8  9 |
---------------+----------------------------+-----
Long Blades    | 4 5 6 7 8 10 | 10.7
Fighting       | 4 5 6 7 8 |  8.1
Armour         | 3 4 5 7 |  7.6
Shields        | 2 3 |  3.3
Dodging        | |  2.1

Action                   |  1- 3 |  4- 6 |  7- 9 || total
-------------------------+-------+-------+-------++-------
Melee: Falchion          |    85 |   184 |   230 ||   499
       Headbutt          |    16 |    37 |    55 ||   108
Invok: Berserk           |       |     1 |     3 ||     4
       Trog's Hand       |       |       |     2 ||     2
  Use: Scroll            |       |       |     9 ||     9
  Eat: Chunk             |     1 |     8 |     9 ||    18
       Ration            |       |       |     1 ||     1
Armor: Animal skin       |    11 |       |       ||    11
       Chain mail        |       |    91 |   105 ||   196
Dodge: Dodged            |    52 |    67 |    84 ||   203
Block: Buckler           |       |       |    11 ||    11
       Rpst.: Falchion   |    11 |    23 |    18 ||    52

Table legend:
 A = Non-vault XP
 B = Vault XP
 C = Vault XP percentage of total XP
 D = Non-vault monster count
 E = Vault monster count
 F = Vault count percentage of total count
                 A         B        C        D         E       F
            +---------+---------+-------+---------+---------+-------
      Total |    2202 |    1255 |  36.3 |     142 |      13 |   8.4
            +---------+---------+-------+---------+---------+-------
        D:1 |      47 |       2 |   4.1 |      28 |       2 |   6.7
        D:2 |     130 |      54 |  29.3 |      27 |       4 |  12.9
        D:3 |      79 |       0 |   0.0 |      27 |       0 |   0.0
        D:4 |     529 |       0 |   0.0 |      23 |       0 |   0.0
        D:5 |     216 |      99 |  31.4 |       8 |       1 |  11.1
        D:6 |     645 |       0 |   0.0 |      19 |       0 |   0.0
        D:7 |     204 |       0 |   0.0 |       5 |       0 |   0.0
        D:8 |     352 |    1100 |  75.8 |       5 |       6 |  54.5
            +---------+---------+-------+---------+---------+-------
